 Dungeon Crawl Stone Soup version 0.27.1-33-g824d729ab1 (webtiles) character file.

Game seed: 13828912780865778784

11314 Kaptain the Thaumaturge (level 11, -2/62 HPs)
             Began as a Deep Elf Earth Elementalist on Dec 26, 2021.
             Slain by a tengu warrior (5 damage)
             ... on level 10 of the Dungeon.
             The game lasted 00:46:14 (12627 turns).

Kaptain the Thaumaturge (DEEE)                     Turns: 12627, Time: 00:46:15

Health: -2/62      AC: 11    Str:  5    XL:     11   Next: 47%
Magic:  2/27       EV: 15    Int: 24    God:
Gold:   415        SH:  5    Dex: 15    Spells: 22/31 levels left

rFire    . . .     SeeInvis .   G - +4 scimitar
rCold    . . .     Faith    .   b - +0 buckler
rNeg     . . .     Spirit   .   L - +0 steam dragon scales
rPois    .         Reflect  .   j - +0 helmet
rElec    .         Harm     .   d - +2 cloak
rCorr    .         Rampage  .   (no gloves)
Will     +....                  c - +0 pair of boots
Stlth    ++++......             (no amulet)
HPRegen  0.20/turn              (no ring)
MPRegen  0.20/turn              (no ring)

@: very slightly contaminated
A: no striking features
a: no special abilities


You were on level 10 of the Dungeon.
You visited 2 branches of the dungeon, and saw 11 of its levels.
You also visited: Ossuary.

You collected 527 gold pieces.
You spent 112 gold pieces at shops.

Inventory:

Hand Weapons
 i - a +1 dagger of venom
 p - a +4 short sword
 r - a +2 trident of flaming
 G - a +4 scimitar (weapon)
 K - the +7 great mace of Xagoefuk {holy, Fragile rN+ Will+ rCorr}
   (You took it off a centaur on level 8 of the Dungeon)

   It has been blessed by the Shining One to cause great damage to the undead
   and demons.
   rN:        It protects you from negative energy.
   rCorr:     It protects you from acid and corrosion.
   Fragile:   It will be destroyed if unequipped.
   Will:      It increases your willpower.
Missiles
 F - a throwing net
 J - 77 stones
Armour
 b - a +0 buckler (worn)
 c - a +0 pair of boots (worn)
 d - a +2 cloak (worn)
 j - a +0 helmet (worn)
 l - the +1 ring mail of Moral Flaws {Dex+2}
   (You found it on level 9 of the Dungeon)

   Dex:       It affects your dexterity (+2).
 L - +0 steam dragon scales (worn)
 N - a +2 robe of fire resistance
Wands
 v - a wand of flame (17)
 B - a wand of acid (22)
 H - a wand of digging (3)
 M - a wand of iceblast (10)
Scrolls
 a - 6 scrolls of identify
 e - 2 scrolls of teleportation
 m - a scroll of silence {unknown}
 n - a scroll of fear {unknown}
 o - 2 scrolls of noise {unknown}
 s - 2 scrolls of fog {unknown}
 t - a scroll of immolation
 x - 3 scrolls of enchant weapon {unknown}
 y - a scroll of enchant armour {unknown}
 C - a scroll of holy word {unknown}
 D - 3 scrolls of magic mapping
 E - a scroll of blinking {unknown}
Potions
 f - 9 potions of curing
 g - a potion of attraction {unknown}
 k - 4 potions of lignification
 q - a potion of haste
 u - 2 potions of cancellation
 w - 3 potions of resistance
 z - 5 potions of flight
 A - a potion of degeneration {unknown}
 I - a potion of brilliance {unknown}


   Skills:
 + Level 4.4 Fighting
 + Level 4.5 Armour
 + Level 7.1 Dodging
 + Level 7.7 Stealth
 + Level 4.0 Shields
 * Level 10.9 Spellcasting
 * Level 8.0 Conjurations
 - Level 1.1 Transmutations
 * Level 9.5 Earth Magic


You had 22 spell levels left.
You knew the following spells:

 Your Spells              Type           Power      Damage    Failure   Level
a - Sandblast             Erth           100%       2d20      1%          1
b - Stone Arrow           Conj/Erth      100%       3d13      1%          3
c - Sticky Flame          Conj/Fire      32%        2d5       9%          4
d - Animate Skeleton      Necr           26%        N/A       4%          1

Your spell library contained the following spells:

 Spells                   Type           Power      Damage    Failure   Level
 Magic Dart               Conj           100%       1d8       1%          1
 Passwall                 Tmut/Erth      31%        N/A       1%          2
 Searing Ray              Conj           100%       3d7       1%          2
 Conjure Flame            Conj/Fire      32%        6-21      2%          3
 Dazzling Flash           Conj/Hex       64%        N/A       2%          3
 Pain                     Necr           52%        1d6       4%          1
 Iskenderun's Battlesphe  Conj           51%        2d10      4%          5
 Petrify                  Tmut/Erth      38%        N/A       5%          4
 Animate Armour           Summ/Erth      72%        N/A       7%          4
 Ensorcelled Hibernation  Hex/Ice        26%        N/A       8%          2
 Slow                     Hex            13%        N/A       8%          2
 Fulminant Prism          Conj/Hex       16%        3d11      9%          4
 Ignite Poison            Fire/Tmut/Pois 14%        N/A       12%         3
 Spider Form              Tmut/Pois      7%         N/A       12%         3
 Vampiric Draining        Necr           6%         2d6       14%         3
 Iron Shot                Conj/Erth      26%        9d6       21%         6
 Silence                  Hex/Air        6%         N/A       80%         5
 Summon Mana Viper        Hex/Summ       13%        N/A       80%         5
 Shadow Creatures         Summ           N/A        N/A       100%        6
 Spellforged Servitor     Conj/Summ      16%        N/A       100%        7
 Lehudib's Crystal Spear  Conj/Erth      26%        10d7      100%        8


Dungeon Overview and Level Annotations

Branches:
Dungeon (10/15)            Temple (1/1) D:7             Orc (0/2) D:9
Ossuary (visited)
   Lair: D:8-11

Altars:
Ashenzari
Cheibriados
Dithmenos
Elyvilon
Fedhas
Gozag
Hepliaklqana
Kikubaaqudgha
Makhleb
Nemelex Xobeh
Okawaru
Qazlal
Ru
Sif Muna
Trog
Uskayaw
Vehumet
Wu Jian
Xom
Yredelemnul
Zin
The Shining One

Shops:
D:4 !

Annotations:
D:8 3 runed translucent doors, destino's ghost, novice TeSu
D:9 1 runed translucent door, Panicmode's ghost, novice DrBe


Message History

You block the tengu warrior's attack.
Casting: Stone Arrow (safe; 1% risk of failure)
Confirm with . or Enter, or press ? or * to list all spells.
Aiming: Stone Arrow (safe; 1% risk of failure)
Press: ? - help, Shift-Dir - straight line, f/p - tengu warrior
Aim: a tengu warrior, wielding a +2 great sword and wearing a +0 leather armour (moderately wounded, 58% to hit)
The stone arrow hits the tengu warrior!
The tengu warrior is heavily wounded.
The tengu warrior hits you with a +2 great sword!
The tengu warrior barely misses you. The tengu warrior misses you.
Casting: Stone Arrow (safe; 1% risk of failure)
Confirm with . or Enter, or press ? or * to list all spells.
Aiming: Stone Arrow (safe; 1% risk of failure)
Press: ? - help, Shift-Dir - straight line, f/p - tengu warrior
Aim: a tengu warrior, wielding a +2 great sword and wearing a +0 leather armour (heavily wounded, 58% to hit)
The stone arrow misses the tengu warrior.
The tengu warrior closely misses you. The tengu warrior pecks you.
The tengu warrior claws you.
Casting: Stone Arrow (safe; 1% risk of failure)
Confirm with . or Enter, or press ? or * to list all spells.
Aiming: Stone Arrow (safe; 1% risk of failure)
Press: ? - help, Shift-Dir - straight line, f/p - tengu warrior
Aim: a tengu warrior, wielding a +2 great sword and wearing a +0 leather armour (heavily wounded, 58% to hit)
You miscast Stone Arrow.
You are very lightly contaminated with residual magic.
Nothing appears to happen.
The tengu warrior hits you with a +2 great sword!
* * * LOW HITPOINT WARNING * * *
The tengu warrior completely misses you.
The tengu warrior claws you but does no damage.
You feel better. The tengu warrior misses you. The tengu warrior pecks you.
* * * LOW HITPOINT WARNING * * *
The tengu warrior barely misses you.
You feel better.
The tengu warrior hits you with a +2 great sword!
* * * LOW HITPOINT WARNING * * *
The tengu warrior pecks you.
* * * LOW HITPOINT WARNING * * *
The tengu warrior claws you.
You die...

........###.............##
..........#.........#....#
#....#..............##...#
....##.........>..#####..##
..#............##.##......#
# ###..........#..##......#
##.........#.........## ##
##....##....#Q........#
@.##.....##[..).@.......##
..)))##..................#
......#......#...........#
....)....#..............##
.........##............##
#....##.........#......[#
##....##........##......#
##............###.....##
#......))....## #....##


You could see a tengu warrior.

Vanquished Creatures
  Erolcha (D:10)
  A tengu warrior (D:9)
  2 two-headed ogres (D:10)
  Pikel (D:7)
  Joseph (D:10)
  Grinder (D:3)
  Prince Ribbit (D:7)
  A wyvern (D:8)
  18 yaks (D:9)
  3 steam dragons
  A water moccasin (D:8)
  A black bear (D:7)
  A sky beast (D:5)
  3 orc warriors
  4 ogres
  2 ice beasts
  A necrophage (D:6)
  5 centaurs
  A kobold brigand (D:4)
  4 elf zombies (Ossuary)
  2 bullfrogs (D:8)
  A gnoll sergeant (D:10)
  2 scorpions
  A wyvern zombie (D:8)
  A water moccasin zombie (D:3)
  A water moccasin skeleton (D:5)
  7 wights
  11 killer bees
  A howler monkey (D:10)
  5 centaur zombies
  3 hounds
  A human zombie (Ossuary)
  5 orc priests
  3 gnoll shamans
  6 iguanas
  Terence (D:3)
  9 orc wizards
  A scorpion zombie (D:5)
  2 mummies (Ossuary)
  Robin (D:2)
  21 gnolls
  4 adders
  A shadow imp (D:6)
  A worm zombie (D:5)
  An adder zombie (Ossuary)
  2 worms (D:2)
  28 orcs
  5 endoplasms
  2 giant cockroaches
  10 goblins
  5 hobgoblins
  3 jackals (D:1)
  4 quokkas
  8 ball pythons
  10 bats
  2 frilled lizards
  A goblin zombie (Ossuary)
  11 hobgoblin zombies (Ossuary)
  10 kobolds
  10 kobold zombies
  7 orc zombies (Ossuary)
  5 rats
268 creatures vanquished.

Vanquished Creatures (others)
  2 fungi (D:8)
  2 plants (D:8)
4 creatures vanquished.

Grand Total: 272 creatures vanquished

Notes
Turn   | Place    | Note
-------+----------+-------------------------------------------
     0 | D:1      | Kaptain the Deep Elf Earth Elementalist began the quest for
                  | the Orb.
     0 | D:1      | Reached XP level 1. HP: 10/10 MP: 6/6
   502 | D:1      | Reached XP level 2. HP: 15/15 MP: 6/8
  1127 | D:2      | Reached XP level 3. HP: 19/19 MP: 5/10
  1229 | D:2      | Noticed Robin
  1246 | D:2      | Killed Robin
  1249 | D:2      | Reached skill level 4 in Spellcasting
  1669 | D:2      | Reached XP level 4. HP: 24/24 MP: 4/12
  1981 | D:3      | Noticed Grinder
  2029 | D:3      | Killed Grinder
  2030 | D:3      | Reached skill level 1 in Fighting
  2030 | D:3      | Reached skill level 1 in Armour
  2030 | D:3      | Reached skill level 5 in Spellcasting
  2030 | D:3      | Reached XP level 5. HP: 20/29 MP: 7/14
  2030 | D:3      | Reached XP level 6. HP: 23/34 MP: 7/15
  2138 | D:3      | Learned a level 3 spell: Stone Arrow
  2143 | D:3      | Learned a level 4 spell: Sticky Flame
  2258 | D:3      | Found a faded altar of an unknown god.
  2560 | D:3      | Noticed Terence
  2563 | D:3      | Killed Terence
  2564 | D:3      | Reached skill level 1 in Conjurations
  2564 | D:3      | Reached skill level 5 in Earth Magic
  2882 | D:4      | Reached XP level 7. HP: 39/39 MP: 4/17
  3212 | D:4      | Found a shadowy altar of Dithmenos.
  3258 | D:4      | Found a radiant altar of Vehumet.
  3288 | D:4      | Found a hide-covered altar of Uskayaw.
  3399 | D:4      | Found Kodide's Distillery.
  3410 | D:4      | Bought a potion of heal wounds for 70 gold pieces
  3410 | D:4      | Bought a potion of curing for 42 gold pieces
  3559 | D:4      | Found a bloodstained altar of Trog.
  3836 | D:5      | Entered Level 5 of the Dungeon
  3930 | D:5      | Found a sand-covered staircase.
  3955 | Ossuary  | Entered an ossuary
  4248 | Ossuary  | Reached skill level 6 in Spellcasting
  4585 | Ossuary  | Reached XP level 8. HP: 44/44 MP: 13/19
  4591 | Ossuary  | Reached skill level 1 in Shields
  4789 | D:5      | Reached skill level 5 in Stealth
  4992 | D:5      | Reached skill level 7 in Spellcasting
  5379 | D:5      | Learned a level 1 spell: Animate Skeleton
  6108 | D:6      | Got the Papyrus of Curses
  6116 | D:6      | Reached XP level 9. HP: 49/49 MP: 18/22
  6145 | D:6      | Found a shimmering blue altar of Sif Muna.
  6147 | D:6      | Found a sparkling altar of Nemelex Xobeh.
  6147 | D:6      | Found a shimmering altar of Xom.
  6149 | D:6      | Found a shimmering altar of Xom.
  6149 | D:6      | Found a hazy altar of Hepliaklqana.
  6149 | D:6      | Found a hazy altar of Hepliaklqana.
  6314 | D:6      | Reached skill level 5 in Dodging
  6686 | D:6      | Found a burning altar of Makhleb.
  7576 | D:7      | Noticed Pikel
  7580 | D:7      | Killed Pikel
  7581 | D:7      | Reached skill level 8 in Spellcasting
  7581 | D:7      | Reached skill level 5 in Conjurations
  7735 | D:7      | Noticed Prince Ribbit
  7739 | D:7      | Killed Prince Ribbit
  8553 | D:7      | Found a staircase to the Ecumenical Temple.
  8561 | Temple   | Entered the Ecumenical Temple
  8804 | D:8      | Found a runed translucent gate.
  8808 | D:8      | Found a runed translucent gate.
  8809 | D:8      | Found a runed translucent gate.
  8813 | D:8      | Noticed destino's ghost (novice TeSu)
  9311 | D:8      | Reached XP level 10. HP: 45/56 MP: 11/24
  9318 | D:8      | Reached skill level 9 in Spellcasting
  9677 | D:8      | Identified the +7 great mace of Xagoefuk {holy, Fragile rN+
                  | Will+ rCorr}
 10023 | D:9      | Found a sacrificial altar of Ru.
 10316 | D:9      | Found an ornate altar of the Wu Jian Council.
 10343 | D:9      | Identified the +1 ring mail of Moral Flaws {Dex+2}
 10472 | D:9      | Found a staircase to the Orcish Mines.
 11070 | D:9      | Reached skill level 10 in Spellcasting
 11220 | D:9      | Found a runed translucent door.
 11221 | D:9      | Noticed Panicmode's ghost (novice DrBe)
 11527 | D:9      | Reached XP level 11. HP: 52/61 MP: 8/27
 11855 | D:10     | Entered Level 10 of the Dungeon
 11883 | D:10     | Noticed a two-headed ogre
 11889 | D:10     | Killed a two-headed ogre
 11984 | D:10     | Noticed Erolcha
 12104 | D:10     | Noticed Joseph
 12104 | D:10     | Noticed a tengu warrior
 12104 | D:10     | Noticed a tengu warrior
 12112 | D:9      | Killed a tengu warrior
 12299 | D:10     | Killed Erolcha
 12459 | D:10     | Noticed a two-headed ogre
 12467 | D:10     | Killed a two-headed ogre
 12488 | D:10     | Killed Joseph
 12627 | D:10     | HP: 3/62 [tengu warrior (4)]
 12627 | D:10     | Slain by a tengu warrior

Illustrated notes

Levels and vault maps discovered:
D:1:      minmay_arrival_shattered_statue, layout_basic, minivault_24
D:2:      layout_basic, st_stairs_4, minmay_misc_feat_diagonals,
          hangedman_decor_push, corexii_leaking_fountain, minmay_pentomino_v2,
          uniq_robin
D:3:      layout_basic, chequers_ecumenical_altar_simple_redux, uniq_terence,
          uniq_grinder
D:4:      layout_loops_ring, nicolae_overflow_quartered_altars, serial_shops,
          nicolae_shop_competitors_out_of_business
D:5:      layout_loops_ring, enter_ossuary_3
D:6:      layout_loops_ring, doesnt_xom_only_xom, mainiacjoe_overflow_alcove_4,
          lightli_corner_chamber
D:7:      layout_gridville, temple_statues, hex_tiny, uniq_prince_ribbit1,
          uniq_pikel
D:8:      minmay_octagon_keep, layout_cave_pools, gammafunk_ghost_nasty_kobolds,
          chequers_serial_rivers_room_a
D:9:      layout_stronghold, nicolae_ru_great_annihilating_truth,
          mainiacjoe_overflow_concentric_impassable, orc_0_dummy,
          ebering_ghost_inner_flame, kennysheep_generic_room_7
D:10:     layout_cave_pools, uniq_joseph, uniq_erolcha
Temple:   eino_narrow_crystal_temple

Skill      XL: |  1  2  3  4  5  6  7  8  9 10 11 |
---------------+----------------------------------+-----
Earth Magic    | 4 5 6 7 9 |  9.5
Spellcasting   | 4 5 6 7 8 10 | 10.9
Stealth        | 3 4 5 6 7 |  7.7
Fighting       | 1 2 3 4 |  4.4
Armour         | 1 2 3 4 |  4.5
Dodging        | 3 4 5 6 7 |  7.1
Conjurations   | 1 3 4 6 7 8 |  8.0
Shields        | 1 2 3 4 |  4.0
Transmutations | |  1.1

Action                   |  1- 3 |  4- 6 |  7- 9 | 10-12 || total
-------------------------+-------+-------+-------+-------++-------
Melee: Short sword       |       |       |     5 |       ||     5
       Scimitar          |       |       |       |     6 ||     6
 Cast: Sandblast         |    57 |    37 |   106 |    51 ||   251
       Stone Arrow       |       |     8 |   125 |   112 ||   245
  Use: Scroll            |       |       |     8 |     1 ||     9
       Potion            |       |       |     1 |     4 ||     5
 Stab: Sleeping          |       |       |     1 |       ||     1
Armor: Robe              |     5 |       |       |       ||     5
       Leather armour    |       |       |    20 |     1 ||    21
       Steam dragon scal |       |       |       |    22 ||    22
Dodge: Dodged            |    18 |     4 |    44 |    47 ||   113
Block: Buckler           |       |       |     1 |    15 ||    16
       Rpst.: Scimitar   |       |       |       |     5 ||     5
